 Dungeon Crawl Stone Soup version 0.21-b1-23-g1fb0a74c36 (webtiles) character file.

18179 certifiedBob the Carver (level 12, 0/145 HPs)
             Began as a Gnoll Berserker on Jan 6, 2018.
             Was an Elder of Trog.
             Slain by a 12-headed hydra (6 damage)
             ... on level 4 of the Lair of Beasts.
             The game lasted 00:26:59 (10042 turns).

certifiedBob the Carver (Gnoll Berserker)          Turns: 10042, Time: 00:27:00

Health: 0/145      AC: 13    Str: 26    XL:     12   Next: 55%
Magic:  22/22      EV: 20    Int: 14    God:    Trog [****..]
Gold:   554        SH:  8    Dex: 19    Spells: 25/25 levels left

rFire    + + .     SeeInvis +   B - +9 falchion "Nuutid" {slice, rElec Dex+5 SInv}
rCold    x . .     Gourm    +   E - +2 buckler
rNeg     . . .     Faith    .   I - +0 fire dragon scales
rPois    +         Spirit   .   (no helmet)
rElec    +         Reflect  .   (no cloak)
rCorr    .         Harm     .   a - +0 pair of gloves
MR       .....                  n - +0 pair of boots
Stlth    ..........             i - amulet of the gourmand
HPRegen  0.34/turn              p - ring of poison resistance
MPRegen  0.18/turn              j - +4 ring of evasion

@: berserking, very quick
A: distributed training, fangs 1, strong nose
a: Berserk, Trog's Hand, Brothers in Arms, Burn Spellbooks, Renounce Religion


You were on level 4 of the Lair of Beasts.
You worshipped Trog.
Trog was greatly pleased with you.
You were not hungry.

You visited 2 branches of the dungeon, and saw 13 of its levels.
You also visited: Volcano.

You collected 554 gold pieces.

Inventory:

Hand Weapons
 k - a +1 great sword of flaming
 y - a +3 scimitar
 B - the +9 falchion "Nuutid" (weapon) {slice, rElec Dex+5 SInv}
   (You found it on level 7 of the Dungeon)

   It inflicts extra damage upon your enemies.
   It affects your dexterity (+5).
   It insulates you from electricity.
   It lets you see invisible.
Armour
 a - a +0 pair of gloves (worn)
 n - a +0 pair of boots (worn)
 E - a +2 buckler (worn)
 I - +0 fire dragon scales (worn)
Jewellery
 i - an amulet of the gourmand (around neck)
 j - a +4 ring of evasion (right hand)
 p - a ring of poison resistance (left hand)
 N - a +2 ring of slaying {unknown}
Wands
 u - a wand of iceblast (9)
 w - a wand of flame (46)
 C - a wand of paralysis (9)
 L - a wand of random effects (18)
Scrolls
 r - 2 scrolls of magic mapping
 s - 2 scrolls of enchant armour
 t - 7 scrolls of teleportation
 v - 3 scrolls of remove curse
 x - 2 scrolls of fear
 z - 4 scrolls of blinking
 D - a scroll of fog {unknown}
 H - a scroll of enchant weapon
 M - a scroll of holy word
Potions
 b - 4 potions of heal wounds
 d - 10 potions of curing
 e - 6 potions of haste
 f - 2 potions of lignification {unknown}
 g - 3 potions of flight {unknown}
 h - a potion of invisibility
 l - 5 potions of resistance {unknown}
 o - 3 potions of might {unknown}
 A - a potion of berserk rage {unknown}
 F - a potion of degeneration {unknown}
 J - a potion of brilliance {unknown}
 O - a potion of agility {unknown}
Books
 K - a book of Maledictions

   Spells                             Type                      Level
   a - Corona                         Hexes                        1
   b - Ensorcelled Hibernation        Hexes/Ice                    2
   c - Confuse                        Hexes                        3
   d - Tukima's Dance                 Hexes                        3
   e - Dazzling Spray                 Conjuration/Hexes            3
   Trog disapproves of the use of such an item.
Miscellaneous
 G - 2 sacks of spiders
Comestibles
 c - 24 rations


   Skills:
 + Level 9.8 Fighting
 + Level 7.3 Short Blades
 + Level 9.8 Long Blades
 + Level 7.3 Axes
 + Level 7.3 Maces & Flails
 + Level 7.3 Polearms
 + Level 7.3 Staves
 + Level 7.3 Slings
 + Level 7.3 Bows
 + Level 7.3 Crossbows
 + Level 7.3 Throwing
 + Level 8.7 Armour
 + Level 8.7 Dodging
 + Level 7.3 Stealth
 + Level 7.3 Shields
 + Level 7.3 Unarmed Combat
 + Level 7.3 Spellcasting
 + Level 6.0 Conjurations
 + Level 6.0 Hexes
 + Level 6.0 Charms
 + Level 6.0 Summonings
 + Level 6.0 Necromancy
 + Level 6.0 Translocations
 + Level 6.0 Transmutations
 + Level 6.0 Fire Magic
 + Level 6.0 Ice Magic
 + Level 6.0 Air Magic
 + Level 6.0 Earth Magic
 + Level 6.0 Poison Magic
 + Level 8.0 Invocations
 + Level 7.3 Evocations


You had 25 spell levels left.
You didn't know any spells.

Dungeon Overview and Level Annotations

Branches:
Dungeon (9/15)             Temple (0/1) D:7            Lair (4/6) D:9
  Swamp (0/4) Lair:4        Snake (0/4) Lair:2
    Orc: D:9-12

Altars:
Fedhas
Gozag
Nemelex Xobeh
Okawaru
Qazlal
Sif Muna
Trog
Vehumet
Wu Jian
Zin

Annotations:
D:9 exclusion: statue


Innate Abilities, Weirdness & Mutations

Your experience applies equally to all skills.
You have very sharp teeth.
Your uncanny sense of smell can sniff out nearby items.


Message History

* * * LOW HITPOINT WARNING * * *
You chop one of the ten-headed hydra's heads off!
The nine-headed hydra grows two more!
You slash the 11-headed hydra!
The 11-headed hydra is moderately wounded.
You block the crocodile's attack. You block the iguana's attack.
Unknown command.
You lop one of the 11-headed hydra's heads off!
The ten-headed hydra grows two more!
You slash the 12-headed hydra!
The 12-headed hydra is moderately wounded.
The 12-headed hydra bites you but does no damage.
The 12-headed hydra misses you. The 12-headed hydra bites you.
* * * LOW HITPOINT WARNING * * *
The 12-headed hydra bites you!
* * * LOW HITPOINT WARNING * * *
You block the 12-headed hydra's attack. x3; The 12-headed hydra bites you.
* * * LOW HITPOINT WARNING * * *
The 12-headed hydra barely misses you. The 12-headed hydra misses you.
The 12-headed hydra completely misses you.
The 12-headed hydra bites you.
You die...

,,,,,,,...........#
,,,,,,,...........##
,,,,,,,..§§.......P#
,,<,,,,..§§........* *******
,,,,,,,.>§§§.....#** *,,,,,**
,,,,,,*§.§§§.†..#* *##*#,,,,,,,
,,,,,,*#......†.######P#..,,,,,,,
,,***,,#.......lD.........,,,,,,,
,** ***........t@.....##*,,,****,
,* *#.........[....# ***** *, ,*
##......#.....## ** ,*
##.....#.....## ,*****
*#............##### ####
,,*,,***#.##.#.##......##.# #..##
,,,,,,,*.##.##.##........####...#
,,,,,,,,,................#.#.....
,,,,,,,,,........................


You could see a 12-headed hydra, a crocodile and an iguana.

Vanquished Creatures
  Harold (Lair:1)
  The ghost of Harunobu the Basher, a novice TrFi of Okawaru (D:7)
  A two-headed ogre (D:8)
  A hell hog (Volcano)
  A cyclops (D:9)
  2 molten gargoyles (Volcano)
  2 spiny frogs
  2 rime drakes (Lair:3)
  3 komodo dragons
  3 polar bears
  Prince Ribbit (D:9)
  7 blink frogs
  A hippogriff (Lair:3)
  16 yaks
  A fire bat (Volcano)
  A hungry ghost (D:7)
  Eustachio (D:6)
  A steam dragon (Volcano)
  6 nagas (Lair:2)
  2 water moccasins
  Duvessa (D:7)
  3 hell hounds (Volcano)
  2 orc warriors
  A porcupine (Lair:3)
  A phantom (D:6)
  An ice beast (D:7)
  2 sky beasts (D:8)
  3 black bears
  6 wolves
  An eye of draining (D:9)
  3 ogres
  9 crocodiles
  2 centaurs
  A gnoll sergeant (D:8)
  7 bullfrogs
  Dowan (D:7)
  A wyvern skeleton (D:8)
  2 scorpions
  4 wights (D:8)
  2 howler monkeys (D:7)
  An electric eel (D:6)
  4 crimson imps
  4 lava snakes (Volcano)
  A quasit (D:5)
  4 hounds
  A centaur skeleton (D:9)
  3 orc priests
  2 jellies
  A bullfrog skeleton (D:4)
  6 orc wizards
  3 iguanas
  8 worker ants
  A hound skeleton (D:7)
  A howler monkey skeleton (D:9)
  9 adders
  12 gnolls
  A shadow imp (D:7)
  An ooze (D:1)
  2 worms (D:2)
  2 adder zombies
  2 dart slugs
  3 leopard geckos
  31 orcs
  5 bats
  7 giant cockroaches
  16 goblins
  16 hobgoblins
  2 jackals (D:6)
  3 quokkas
  A ball python (D:7)
  A ball python skeleton (D:6)
  2 frilled lizards
  13 kobolds
  A leopard gecko zombie (D:6)
  2 quokka zombies
  4 rats
283 creatures vanquished.

Vanquished Creatures (collateral kills)
  A fire dragon (Volcano)
  A hydra (Lair:3)
  An elephant (D:9)
  A hungry ghost (D:9)
  An orc warrior (D:9)
  A bullfrog (Lair:3)
6 creatures vanquished.

Vanquished Creatures (others)
  A fungus (D:9)
1 creature vanquished.

Grand Total: 290 creatures vanquished

Notes
Turn   | Place    | Note
-------+----------+-------------------------------------------
     0 | D:1      | certifiedBob the Gnoll Berserker began the quest for the Orb.
     0 | D:1      | Reached XP level 1. HP: 23/23 MP: 1/1
   108 | D:1      | Reached XP level 2. HP: 23/29 MP: 2/2
   411 | D:1      | Reached XP level 3. HP: 21/35 MP: 3/3
   591 | D:2      | Reached ** piety under Trog
   607 | D:2      | Reached skill level 1 in Invocations
   660 | D:2      | Reached skill level 1 in Short Blades
   660 | D:2      | Reached skill level 1 in Axes
   660 | D:2      | Reached skill level 1 in Maces & Flails
   660 | D:2      | Reached skill level 1 in Polearms
   660 | D:2      | Reached skill level 1 in Staves
   660 | D:2      | Reached skill level 1 in Slings
   660 | D:2      | Reached skill level 1 in Bows
   660 | D:2      | Reached skill level 1 in Crossbows
   660 | D:2      | Reached skill level 1 in Throwing
   660 | D:2      | Reached skill level 1 in Stealth
   660 | D:2      | Reached skill level 1 in Shields
   660 | D:2      | Reached skill level 1 in Unarmed Combat
   660 | D:2      | Reached skill level 1 in Spellcasting
   660 | D:2      | Reached skill level 1 in Evocations
   660 | D:2      | Reached XP level 4. HP: 25/41 MP: 5/5
  1468 | D:3      | Reached skill level 1 in Conjurations
  1468 | D:3      | Reached skill level 1 in Hexes
  1468 | D:3      | Reached skill level 1 in Charms
  1468 | D:3      | Reached skill level 1 in Summonings
  1468 | D:3      | Reached skill level 1 in Necromancy
  1468 | D:3      | Reached skill level 1 in Translocations
  1468 | D:3      | Reached skill level 1 in Transmutations
  1468 | D:3      | Reached skill level 1 in Fire Magic
  1468 | D:3      | Reached skill level 1 in Ice Magic
  1468 | D:3      | Reached skill level 1 in Air Magic
  1468 | D:3      | Reached skill level 1 in Earth Magic
  1468 | D:3      | Reached skill level 1 in Poison Magic
  1598 | D:3      | Reached XP level 5. HP: 47/47 MP: 6/6
  1926 | D:4      | Reached XP level 6. HP: 52/53 MP: 8/8
  2014 | D:4      | Noticed a black bear
  2023 | D:4      | Killed a black bear
  2023 | D:4      | Reached skill level 5 in Armour
  2023 | D:4      | Reached skill level 5 in Dodging
  2516 | D:5      | Entered Level 5 of the Dungeon
  2572 | D:5      | Found a deep blue altar of Sif Muna.
  2665 | D:5      | Reached XP level 7. HP: 51/59 MP: 10/10
  2912 | D:5      | Reached *** piety under Trog
  3168 | D:6      | Reached XP level 8. HP: 63/67 MP: 12/12
  3744 | D:6      | Noticed Eustachio
  3755 | D:6      | Killed Eustachio
  3915 | D:7      | Noticed Harunobu's ghost (novice TrFi)
  3953 | D:7      | Killed Harunobu's ghost
  3953 | D:7      | Reached XP level 9. HP: 32/74 MP: 13/15
  4148 | D:7      | Received a gift from Trog
  4502 | D:7      | Reached **** piety under Trog
  4556 | D:7      | Found a staircase to the Ecumenical Temple.
  4668 | D:7      | Noticed Duvessa
  4668 | D:7      | Noticed Dowan
  4691 | D:7      | Killed Duvessa
  4695 | D:7      | Killed Dowan
  4695 | D:7      | Reached skill level 5 in Invocations
  4699 | D:7      | Found a blossoming altar of Fedhas.
  4701 | D:7      | Found an opulent altar of Gozag.
  4723 | D:7      | Found a bloodstained altar of Trog.
  4723 | D:7      | Found a glowing silver altar of Zin.
  4724 | D:7      | Found an iron altar of Okawaru.
  4728 | D:7      | Found a sparkling altar of Nemelex Xobeh.
  4728 | D:7      | Found an ornate altar of the Wu Jian Council.
  4729 | D:7      | Found a stormy altar of Qazlal.
  4731 | D:7      | Got a twisted falchion
  4732 | D:7      | Identified the +9 falchion "Nuutid" {slice, rElec Dex+5 SInv} (You found it on level 7 of the Dungeon)
  5146 | D:8      | Found a sparkling altar of Nemelex Xobeh.
  5371 | D:8      | Reached XP level 10. HP: 68/80 MP: 17/17
  5606 | D:8      | Noticed a two-headed ogre
  5614 | D:8      | Killed a two-headed ogre
  5614 | D:8      | Reached skill level 5 in Short Blades
  5614 | D:8      | Reached skill level 5 in Axes
  5614 | D:8      | Reached skill level 5 in Maces & Flails
  5614 | D:8      | Reached skill level 5 in Polearms
  5614 | D:8      | Reached skill level 5 in Staves
  5614 | D:8      | Reached skill level 5 in Slings
  5614 | D:8      | Reached skill level 5 in Bows
  5614 | D:8      | Reached skill level 5 in Crossbows
  5614 | D:8      | Reached skill level 5 in Throwing
  5614 | D:8      | Reached skill level 5 in Stealth
  5614 | D:8      | Reached skill level 5 in Shields
  5614 | D:8      | Reached skill level 5 in Unarmed Combat
  5614 | D:8      | Reached skill level 5 in Spellcasting
  5614 | D:8      | Reached skill level 5 in Evocations
  5968 | D:9      | Found a radiant altar of Vehumet.
  6121 | D:9      | Found a staircase to the Lair.
  6121 | D:9      | Noticed a cyclops
  6122 | D:9      | Noticed an elephant
  6140 | D:9      | Killed a cyclops
  6154 | D:9      | Killed an elephant
  6185 | D:9      | Reached XP level 11. HP: 66/87 MP: 19/19
  6236 | D:9      | Noticed Prince Ribbit
  6240 | D:9      | Killed Prince Ribbit
  6487 | Lair:1   | Entered Level 1 of the Lair of Beasts
  6617 | Lair:1   | Reached skill level 5 in Conjurations
  6617 | Lair:1   | Reached skill level 5 in Hexes
  6617 | Lair:1   | Reached skill level 5 in Charms
  6617 | Lair:1   | Reached skill level 5 in Summonings
  6617 | Lair:1   | Reached skill level 5 in Necromancy
  6617 | Lair:1   | Reached skill level 5 in Translocations
  6617 | Lair:1   | Reached skill level 5 in Transmutations
  6617 | Lair:1   | Reached skill level 5 in Fire Magic
  6617 | Lair:1   | Reached skill level 5 in Ice Magic
  6617 | Lair:1   | Reached skill level 5 in Air Magic
  6617 | Lair:1   | Reached skill level 5 in Earth Magic
  6617 | Lair:1   | Reached skill level 5 in Poison Magic
  6756 | Lair:1   | Noticed Harold
  6768 | Lair:1   | Killed Harold
  7642 | Lair:2   | Received a gift from Trog
  8107 | Lair:2   | Found a staircase to the Snake Pit.
  8315 | Lair:3   | Reached ***** piety under Trog
  8315 | Lair:3   | Reached XP level 12. HP: 87/96 MP: 22/22
  8382 | Lair:3   | Noticed a five-headed hydra
  8394 | Lair:3   | Killed a six-headed hydra
  9566 | Lair:4   | Found a dark tunnel.
  9571 | Volcano  | Entered a volcano
  9680 | Volcano  | Found a burning altar of Makhleb.
  9680 | Volcano  | Noticed a hell hog
  9689 | Volcano  | Killed a hell hog
  9758 | Volcano  | Noticed a fire dragon
  9770 | Volcano  | Killed a fire dragon
 10027 | Lair:4   | Noticed a seven-headed hydra
 10028 | Lair:4   | Found a staircase to the Swamp.
 10042 | Lair:4   | HP: 6/145 [12-headed hydra (6)]
 10042 | Lair:4   | Slain by a 12-headed hydra

Skill      XL: |  1  2  3  4  5  6  7  8  9 10 11 12 |
---------------+-------------------------------------+-----
Invocations    | 1 2 3 4 5 6 7 8 |  8.0
Short Blades   | 1 2 4 5 6 7 |  7.3
Axes           | 1 2 4 5 6 7 |  7.3
Maces & Flails | 1 2 4 5 6 7 |  7.3
Polearms       | 1 2 4 5 6 7 |  7.3
Staves         | 1 2 4 5 6 7 |  7.3
Slings         | 1 2 4 5 6 7 |  7.3
Bows           | 1 2 4 5 6 7 |  7.3
Crossbows      | 1 2 4 5 6 7 |  7.3
Throwing       | 1 2 4 5 6 7 |  7.3
Stealth        | 1 2 4 5 6 7 |  7.3
Shields        | 1 2 4 5 6 7 |  7.3
Unarmed Combat | 1 2 4 5 6 7 |  7.3
Spellcasting   | 1 2 4 5 6 7 |  7.3
Evocations     | 1 2 4 5 6 7 |  7.3
Conjurations   | 1 2 3 4 5 6 |  6.0
Hexes          | 1 2 3 4 5 6 |  6.0
Charms         | 1 2 3 4 5 6 |  6.0
Summonings     | 1 2 3 4 5 6 |  6.0
Necromancy     | 1 2 3 4 5 6 |  6.0
Translocations | 1 2 3 4 5 6 |  6.0
Transmutations | 1 2 3 4 5 6 |  6.0
Fire Magic     | 1 2 3 4 5 6 |  6.0
Ice Magic      | 1 2 3 4 5 6 |  6.0
Air Magic      | 1 2 3 4 5 6 |  6.0
Earth Magic    | 1 2 3 4 5 6 |  6.0
Poison Magic   | 1 2 3 4 5 6 |  6.0
Armour         | 5 6 7 8 |  8.7
Dodging        | 5 6 7 8 |  8.7
Fighting       | 7 8 9 |  9.8
Long Blades    | 7 8 9 |  9.8

Action                   |  1- 3 |  4- 6 |  7- 9 | 10-12 || total
-------------------------+-------+-------+-------+-------++-------
Melee: Falchion          |    83 |   152 |    88 |   431 ||   754
       Bite              |     9 |    26 |    56 |    92 ||   183
       Halberd           |       |     2 |       |       ||     2
       Punch             |       |     1 |     4 |     1 ||     6
       Scimitar          |       |       |   257 |    51 ||   308
       Whip              |       |       |    11 |       ||    11
Invok: Berserk           |     2 |     2 |     6 |     8 ||    18
       Trog's Hand       |       |       |     1 |     6 ||     7
       Burn Spellbooks   |       |       |     1 |       ||     1
       Brothers in Arms  |       |       |       |     5 ||     5
  Use: Scroll            |       |     6 |       |    12 ||    18
 Stab: Sleeping          |     3 |     1 |       |     1 ||     5
  Eat: Chunk             |       |    11 |    17 |    27 ||    55
       Ration            |       |       |     1 |       ||     1
Armor: Animal skin       |    10 |       |       |       ||    10
       Leather armour    |       |     8 |       |       ||     8
       Scale mail        |       |    12 |       |       ||    12
       Plate armour      |       |    38 |   210 |   137 ||   385
       Fire dragon scale |       |       |       |     9 ||     9
Dodge: Dodged            |    55 |    79 |   155 |   294 ||   583
Block: Buckler           |       |       |       |   178 ||   178
       Rpst.: Falchion   |    15 |    30 |    12 |    69 ||   126
       Scimitar          |       |       |    35 |     6 ||    41
